Map: Ulrena

Players

SticklerMac

  • Race: Zerg Zerg
  • League: Platinum

EZraceEZlife - Winner!

  • Race: Zerg Zerg
  • League: Platinum

VOD

Have the link to the VOD?

Description

Time

  • Played on: Nov. 10, 2015, 12:44 p.m.
  • Length: 5:10
Show
View Real Time Build Order
Export as new Build Order

SticklerMac Zerg 

Build Orders: Hatch First, Zergling Baneling 

Get SALT Encoding   

  12  0:00  Drone  
  13  0:09  Drone  
  14  0:18  Overlord  
  14  0:37  Drone x3  
  17  0:48  Drone  
  18  0:59  Hatchery  
  18  1:02  Drone  
  18  1:05  Extractor  
  17  1:15  Spawning Pool  
  16  1:19  Drone  
  18  1:25  Drone  
  18  1:36  Drone  
  19  1:42  Drone  
  20  1:54  Overlord  
  20  2:05  Metabolic Boost  
  20  2:10  Drone  
  20  2:11  Queen  
  20  2:13  Queen  
  25  2:19  Zergling x4  
  27  2:26  Drone x2  
  29  2:38  Baneling Nest, Zergling x4  
  30  2:48  Zergling x4  
  32  2:56  Drone  
  32  2:57  Drone  
  34  3:06  Drone  
  34  3:09  Zergling x2  
  36  3:19  Overlord  
  36  3:20  Overlord  
  33  3:40  Baneling x4  
  33  3:41  Baneling x2  
  31  3:44  Zergling x12  
  37  3:54  Spine Crawler  
  33  4:05  Zergling x6  
  33  4:06  Zergling x2  
  37  4:18  Zergling x2  
  37  4:23  Baneling  
  37  4:24  Baneling  
  39  4:29  Hatchery  
  39  4:30  Zergling x2  
  35  4:47  Spine Crawler  
  35  4:51  Zergling x4  
  35  4:59  Spine Crawler  
Show
View Real Time Build Order
Export as new Build Order

EZraceEZlife Zerg - Winner!

Build Orders: Pool First 

Get SALT Encoding   

  12  0:20  Spawning Pool  
  11  0:22  Drone  
  12  0:30  Drone  
  12  0:31  Drone  
  14  0:36  Extractor  
  13  0:43  Overlord  
  13  0:53  Drone  
  14  1:03  Drone  
  15  1:06  Queen  
  17  1:13  Drone  
  17  1:18  Drone  
  19  1:44  Hatchery  
  18  2:01  Queen  
  18  2:03  Metabolic Boost  
  18  2:08  Overlord  
  20  2:13  Zergling x2  
  21  2:18  Zergling x2  
  21  2:22  Overlord  
  22  2:27  Zergling x2  
  22  2:29  Zergling x2  
  24  2:36  Zergling x2  
  25  2:45  Zergling x2  
  25  2:51  Zergling x6  
  29  2:59  Zergling x2  
  29  3:00  Zergling x2  
  31  3:07  Zergling x4  
  33  3:20  Zergling x6  
  33  3:21  Zergling x2  
  36  3:37  Zergling x10  
  40  3:44  Zergling x2  
  41  3:50  Zergling x2  
  36  4:05  Zergling x12  
  41  4:17  Zergling x2  
  41  4:18  Zergling x2  
  40  4:28  Zergling x8  
  40  4:43  Zergling x2  
  40  4:44  Zergling x2  
Tags
 
Add a new tag
Caveats
  • Supply blocks, unpowered buildings, or Contaminate may cause inaccurate times.
  • Supply counts are checked every 10 seconds.